AoeStats
← Vakkil_Vandumurugan

Arena

510558251Analyzed
2v2 RM · 1d ago on Oct 1, 2026· 42m 9s· 4 players
Game mode
Random Map
Map size
Medium (4 player)
Population
200
Speed
Normal
Resources
Standard
Victory
Conquest
Starting age
Dark Age
Ending age
Imperial Age
RankedLock teamsTeams togetherTeam positionsShared explorationLock speedFull tech treeHidden civsTurbo modeCheats
Victory
Defeat
🇩🇪 Saracens · Germany
1019
+15
🇮🇳 Varangians · India
989
+16
🇭🇰 Poles · Hong Kong SAR China
1050
-17
🇫🇷 Vietnamese · France
945
-14
Vakkil_Vandumurugan
10:18 Feudal Age
14:28 Castle Age
12:29 Double-Bit Axe
12:27 Horse Collar
15:34 Bow Saw
18:31 Loom
20:46 Stone Mining
22:42 Wheelbarrow
24:23 Fletching
24:33 Town Watch
24:53 Gold Mining
25:10 Husbandry
25:21 Bloodlines
27:00 Hand Cart
32:00 Imperial Age
31:17 Bimaristan
31:19 Heavy Plow
31:27 Padded Archer Armor
31:22 Bodkin Arrow
31:48 Town Patrol
32:39 Leather Archer Armor
33:17 Conscription
33:25 Elite Mameluke
34:33 Forging
33:48 Light Cavalry
35:40 Hussar
36:28 Scale Barding Armor
36:59 Iron Casting
37:47 Chain Barding Armor
40:24 Plate Barding Armor
40:50 Blast Furnace
41:50 Counterweights
Joe_N0T_Exotic
10:50 Feudal Age
12:20 Double-Bit Axe
14:39 Castle Age
13:34 Horse Collar
16:02 Bow Saw
15:54 Heavy Plow
21:44 Loom
22:35 Wheelbarrow
25:32 Gold Mining
25:33 Stone Mining
26:37 Town Watch
31:09 Imperial Age
28:55 Hand Cart
30:05 Squires
29:50 Arson
31:08 Scale Mail Armor
31:18 Forging
31:15 Gothikon
31:26 Capped Ram
32:41 Crop Rotation
33:08 Siege Ram
34:08 Elite Varangian Guard
35:35 Onager
36:45 Chain Mail Armor
37:06 Iron Casting
37:54 Padded Archer Armor
37:45 Fletching
38:25 Plate Mail Armor
40:08 Chemistry
39:28 Ballistics
39:04 Murder Holes
43:00 Blast Furnace
42:16 Leather Archer Armor
41:57 Bodkin Arrow
cl12272003
0:51 Loom
13:02 Feudal Age
13:31 Double-Bit Axe
13:28 Horse Collar
15:27 Stone Mining
19:17 Castle Age
19:54 Town Watch
20:45 Wheelbarrow
20:14 Heavy Plow
24:41 Town Patrol
25:08 Bow Saw
27:42 Hand Cart
27:26 Gold Mining
31:20 Imperial Age
30:09 Forging
29:59 Scale Mail Armor
30:05 Scale Barding Armor
30:08 Szlachta Privileges
31:39 Stone Shaft Mining
31:43 Iron Casting
32:01 Bloodlines
31:51 Husbandry
31:48 Cavalier
34:48 Hoardings
35:47 Elite Skirmisher
36:30 Padded Archer Armor
36:20 Fletching
37:57 Leather Archer Armor
37:38 Bodkin Arrow
37:07 Imperial Skirmisher
40:07 Chemistry
40:30 Bracer
41:00 Pikeman
Wlolo0059
12:20 Feudal Age
14:15 Wheelbarrow
13:26 Town Watch
13:39 Double-Bit Axe
13:37 Horse Collar
13:51 Fletching
14:48 Padded Archer Armor
15:27 Loom
20:59 Castle Age
20:47 Gold Mining
20:48 Stone Mining
21:04 Crossbowman
21:53 Thumb Ring
22:44 Heavy Plow
22:58 Bow Saw
24:06 Hand Cart
25:25 Ballistics
27:10 Bodkin Arrow
27:30 Leather Archer Armor
27:57 Elite Skirmisher
28:23 Pikeman
31:20 Leather Archer Armor
33:08 Squires
33:14 Scale Mail Armor
33:24 Forging
37:20 Caravan
40:46 Imperial Age
38:17 Town Patrol
42:27 Paper Money
Connection lost

Rejoining the realm…

Still unreachable

The connection could not be restored.

Session expired

The server has moved on; the page needs a fresh start.